 Dungeon Crawl Stone Soup version 0.31.0-12-g77e489cdc1 (webtiles) character file.

Game seed: 13124295154904803670

2 DemonSlayer the Digger (level 1, -1/13 HPs)
             Began as a Demonspawn Earth Elementalist on Feb 19, 2024.
             Slain by a hobgoblin (5 damage)
             ... on level 1 of the Dungeon.
             The game lasted 00:00:24 (29 turns).

DemonSlayer the Digger (DsEE)                         Turns: 29, Time: 00:00:25

Health: -1/13      AC:  2    Str:  8    XL:     1   Next: 25%
Magic:  2/3        EV: 12    Int: 15    God:
Gold:   0          SH:  0    Dex: 13    Spells: 3/4 levels left

rFire   . . .        (no weapon)
rCold   . . .        (no shield)
rNeg    . . .        a - +0 robe
rPois   .            (no helmet)
rElec   .            (no cloak)
rCorr   .            (no gloves)
SInv    .            (no boots)
Will    .....        (no amulet)
Stlth   ++           (no ring)
HPRegen 0.22/turn    (no ring)
MPRegen 0.08/turn

%: no passive effects
@: no status effects
A: no striking features
a: no special abilities


You were on level 1 of the Dungeon.
You visited 1 branch of the dungeon, and saw 1 of its levels.

Inventory:

Hand Weapons
 d - a +0 dagger
Armour
 a - a +0 robe (worn)
Scrolls
 c - a scroll of revelation {unknown}


   Skills:
 + Level 1.7 Dodging
 + Level 1.8 Stealth
 + Level 2.0 Spellcasting
 + Level 1.0 Conjurations
 + Level 2.8 Earth Magic


You had 3 spell levels left.
You knew the following spells:

 Your Spells              Type           Power      Damage    Failure   Level
a - Sandblast             Erth           18%        2d7       7%          1

Your spell library contained the following spells:

 Spells                   Type           Power      Damage    Failure   Level
 Passwall                 Erth           9%         N/A       22%         3
 Stone Arrow              Conj/Erth      14%        3d7       30%         3
 Brom's Barrelling Bould  Conj/Erth      7%         2d3       71%         4
 Petrify                  Alch/Erth      5%         N/A       77%         4


Dungeon Overview and Level Annotations

Branches:
Dungeon (1/15)

Altars:


Message History

You can't see any susceptible monsters within range! (Use Z to cast anyway.)
Things that are here:
a +0 dagger; a +0 war axe; a goblin corpse
Things that are here:
a +0 dagger; a +0 war axe; a goblin corpse
d - a +0 dagger A hobgoblin comes into view.
It is wielding a -3 dagger of freezing.
Setting a skill training target for Short Blades at 10.0.
A hobgoblin is nearby!
A hobgoblin is nearby!
A hobgoblin comes into view.
Found a viscous coppery potion.
Found a faded altar of an unknown god.
The blast of sand misses the hobgoblin.
The hobgoblin shouts!
You are out of magic!
You are out of magic!
You are out of magic!
You are out of magic!
The hobgoblin attacks as it pursues you!
The hobgoblin closely misses you.
Things that are here:
a +0 war axe; a goblin corpse The hobgoblin attacks as it pursues you!
The hobgoblin hits you.
The blast of sand hits the hobgoblin.
The hobgoblin is heavily wounded.
The hobgoblin hits you. Magic courses through your body.
The hobgoblin hits you with a -3 dagger of freezing.
The hobgoblin freezes you.
* * * LOW HITPOINT WARNING * * *
The hobgoblin barely misses you.
Casting: Sandblast (safe; 7% risk of failure)
Confirm with . or Enter, or press ? or * to list all spells.
Aiming: Sandblast (safe; 7% risk of failure)
Press: ? - help, Shift-Dir - straight line, f - hobgoblin, p - hobgoblin
Aim: a hobgoblin, wielding a -3 dagger of freezing (81% to hit)
The blast of sand misses the hobgoblin.
The hobgoblin barely misses you. x2
The hobgoblin completely misses you. The hobgoblin hits you.
You die...

....... .......
############# .......
#...........# .......
#...........# .......
#...........# #.#....
#...........#
#_.....#+######...........#
#.......g@...'.....<.....+
.!.......g..###.........[.#
............# #...........#
.....##.....# #...........#
..... ####### #...........#
.... #...........# ...
############# ...


You could see 2 hobgoblins.

Vanquished Creatures
  A goblin (D:1)
  A rat (D:1)
2 creatures vanquished.

Notes
Turn   | Place    | Note
-------+----------+-------------------------------------------
     0 | D:1      | DemonSlayer the Demonspawn Earth Elementalist began the
                  | quest for the Orb.
     0 | D:1      | Reached XP level 1. HP: 13/13 MP: 3/3
    21 | D:1      | Found a faded altar of an unknown god.
    29 | D:1      | Slain by a hobgoblin

Illustrated notes

Levels and vault maps discovered:
D:1:      psy_arrival_statuary, layout_basic, ebering_ecumenical_altar_rust

Action                     || total
---------------------------++-------
   Cast: Sandblast         ||     5
    Use: Potion            ||     1
 Armour: Robe              ||     4
  Dodge: Dodged            ||     5
